[Event "*** SCC Grand Prix: Titled Tuesday Blitz"]
[Site "Chess.com"]
[Date "2020.07.14"]
[Round "6"]
[White "Lagmantr"]
[Black "tlomigtlis"]
[Result "1-0"]
[WhiteElo "2645"]
[BlackElo "2424"]
[TimeControl "180+1"]
[EndTime "11:07:18 PDT"]
[Termination "Lagmantr won on time"]

1. Nf3 Nf6 2. c4 c6 3. g3 d5 4. Bg2 Bg4 5. O-O Nbd7 6. b3 e5 7. h3 Bxf3 8. Bxf3 Bd6 9. Bb2 O-O 10. d3 Qc7 11. cxd5 cxd5 12. Nc3 Qa5 13. Qe1 Kh8 14.
Nxd5 Qa6 15. Ne3 Rac8 16. Nc4 Bc7 17. a4 Rfe8 18. b4 Rb8 19. Qc3 Qe6 20. Rac1 Qxh3 21.
a5 Ng4 22. Bxg4 Qxg4 23. Ne3 Qd4 24. Qxc7 Qxb2 25. Qxd7 Qxe2 26. Qxf7 Qxd3 27. Rc7 Rg8 28. Rd1 Qe2 29. Rxb7 Rbf8 30. Rdd7 Rxf7 31. Rxf7 a6 32. b5 axb5 33. a6 b4 34. a7 Qa2 35. Nf5 b3 36.
Nh6 b2 37. Nxg8 b1=Q+ 38. Rxb1 Qxb1+ 39. Kh2 Qe4 40. Rf8 1-0

[Event "*** SCC Grand Prix: Titled Tuesday Blitz"]
[Site "Chess.com"]
[Date "2020.07.14"]
[Round "6"]
[White "coalescenet"]
[Black "Klaus1995"]
[Result "1-0"]
[WhiteElo "2346"]
[BlackElo "1895"]
[TimeControl "180+1"]
[EndTime "11:07:18 PDT"]
[Termination "coalescenet won on time"]

1. d4 Nf6 2. c4 e6 3. Nf3 c5 4.
d5 exd5 5. cxd5 d6 6. Nc3 g6 7.
Bf4 a6 8. a4 Bg7 9. e3 Bg4 10.
Be2 O-O 11. O-O Re8 12. Nd2 Bxe2 13. Qxe2 Qc7 14. Nc4 Rd8 15. h3 b6 16. Rfc1 Ne8 17. Qf3 Nd7 18. Ne4 Ndf6 19. Nexd6 Nxd6 20. Nxd6 Rxd6 21. e4 Nh5 22. e5 Rdd8 23. d6 Qd7 24. Bh2 Bh6 25. Rc4 Re8 26. a5 Qb5 27. b3 bxa5 28. Qd3 Nf4 29. Qe4 Qxb3 30. Bxf4 Bxf4 31. Qxf4 Qb2 32.
Rac1 Rxe5 33. Rxc5 Rxc5 34. Rxc5 Qb1+ 35. Kh2 Rd8 36.
Rc7 Qb4 37. Qxf7+ 1-0

[Event "*** SCC Grand Prix: Titled Tuesday Blitz"]
[Site "Chess.com"]
[Date "2020.07.14"]
[Round "6"]
[White "temus_galaktionov"]
[Black "TigrVShlyape"]
[Result "1/2-1/2"]
[WhiteElo "2676"]
[BlackElo "2855"]
[TimeControl "180+1"]
[EndTime "11:07:19 PDT"]
[Termination "Game drawn by agreement"]

1. d4 Nf6 2. Nf3 g6 3. c4 Bg7 4. Nc3 O-O 5. e4 d6 6. Be2 e5 7. O-O Nc6 8. d5 Ne7 9. Ne1 Nd7 10. f3 f5 11. g4 f4 12. h4 h5 13. g5 a5 14. Nd3 b6 15. Bd2 Nc5 16. Nxc5 dxc5 17. Re1 Bd7 18. b3 Nc8 19. a3 Rf7 20. Bf1 Bf8 21.
Kh2 Bd6 22. Qe2 Bf8 23. Nd1 Nd6 24. Nf2 Bg7 25. Nd3 Qe7 26. Bc3 Rff8 27. Qb2 Rfe8 28.
Nf2 Qf7 29. b4 Nb7 30. Nd3 Qe7 31. Reb1 Kh7 32. Be1 Nd6 33. Qc2 cxb4 34. axb4 axb4 35. Bxb4 Bf8 36. Qc3 Bg7 37. Qc2 Qd8 38. Qb3 Nb7 39. Bc3 Qe7 40. Bb4 Qd8 41. c5 bxc5 42. Bc3 Rxa1 43. Rxa1 c4 44. Qxc4 Nd6 45. Qc5 Qb8 46. Qb4 Nb5 47. Bb2 Nd4 1/2-1/2

[Event "*** SCC Grand Prix: Titled Tuesday Blitz"]
[Site "Chess.com"]
[Date "2020.07.14"]
[Round "6"]
[White "eljanov"]
[Black "731291"]
[Result "1/2-1/2"]
[WhiteElo "2844"]
[BlackElo "2668"]
[TimeControl "180+1"]
[EndTime "11:07:19 PDT"]
[Termination "Game drawn by repetition"]

1. e4 c5 2. Nf3 e6 3. d4 cxd4 4. Nxd4 Nc6 5. Nc3 Qc7 6. f4 a6 7. Nxc6 bxc6 8. Bd3 d5 9. O-O Nf6 10. Qe2 Be7 11. Kh1 O-O 12. b3 c5 13. f5 d4 14.
Na4 exf5 15. Bf4 Qc6 16. exf5 Bb7 17. Nb2 Rfe8 18. Nc4 Bd6 19. Qd2 Bxf4 20. Rxf4 Nd5 21. Rg4 Ne3 22. Rg3 Nxc4 23. Bxc4 Qf6 24. Rf1 Re5 25.
Kg1 Rae8 26. Qg5 Qxg5 27. Rxg5 Bd5 28. Bxa6 Ra8 29. Bd3 Rxa2 30. Rg3 f6 31. Rg4 Re3 32. Rg3 Re5 33. Rg4 Kf7 34. Rg3 Ra7 35. Rf4 Ra1+ 36. Kf2 Rd1 37. Rfg4 Rd2+ 38. Kf1 Rd1+ 39. Kf2 Rd2+ 40. Kf1 Rd1+ 41. Kf2 1/2-1/2

[Event "*** SCC Grand Prix: Titled Tuesday Blitz"]
[Site "Chess.com"]
[Date "2020.07.14"]
[Round "6"]
[White "Euge_chess"]
[Black "Morshynska"]
[Result "0-1"]
[WhiteElo "2005"]
[BlackElo "2185"]
[TimeControl "180+1"]
[EndTime "11:07:19 PDT"]
[Termination "Morshynska won on time"]

1. e4 c5 2. c3 g6 3. d4 Bg7 4. Nf3 cxd4 5. cxd4 d6 6. Nc3 Nf6 7. Bb5+ Bd7 8. Bxd7+ Qxd7 9. O-O O-O 10. Re1 Rd8 11. Bg5 h6 12. Bxf6 Bxf6 13. e5 Bg7 14. Qe2 Nc6 15.
Rad1 d5 16. e6 Qxe6 17. Qxe6 fxe6 18. Rxe6 Kf7 19. Rde1 Rd7 20. R6e2 Nxd4 21. Ne5+ Bxe5 22. Rxe5 Rad8 23. f4 Nc6 24. R5e2 b6 25. Rd1 Rd6 26. Red2 d4 27. Nb5 Rd5 28. a4 R8d7 29. g4 h5 30.
h3 hxg4 31. hxg4 a6 32. Nc3 Ra5 33. b3 e5 34. fxe5 Ke6 35. Ne4 Rxe5 0-1

[Event "*** SCC Grand Prix: Titled Tuesday Blitz"]
[Site "Chess.com"]
[Date "2020.07.14"]
[Round "6"]
[White "penguingm1"]
[Black "sergoy"]
[Result "1-0"]
[WhiteElo "2954"]
[BlackElo "2809"]
[TimeControl "180+1"]
[EndTime "11:07:21 PDT"]
[Termination "penguingm1 won on time"]

1. d4 Nf6 2. c4 e6 3. Nc3 d5 4.
cxd5 Nxd5 5. e4 Nxc3 6. bxc3 c5 7. Nf3 cxd4 8. cxd4 Bb4+ 9. Bd2 Bxd2+ 10. Qxd2 O-O 11. Rc1 Nd7 12. Bb5 a6 13. Bd3 b5 14. O-O Bb7 15. Qf4 Re8 16. h4 Qb8 17. e5 Bxf3 18. Qxf3 Nf8 19.
Rc6 Qd8 20. Qe4 Ra7 21. Rd1 Rd7 22. Rxa6 Rd5 23. Qe3 Qxh4 24. Be4 Rdd8 25. Bc6 Re7 26. Bxb5 Ng6 27. g3 Qh3 28. Bf1 Qg4 29. Be2 Qh3 30.
Rc6 h5 31. Qe4 Red7 32. Rc3 Rd5 33. Rcd3 Ne7 34. Bf3 Nf5 35. Qf4 R5d7 36. d5 h4 37.
Bg4 1-0

[Event "*** SCC Grand Prix: Titled Tuesday Blitz"]
[Site "Chess.com"]
[Date "2020.07.14"]
[Round "6"]
[White "Gabix_94"]
[Black "Bulldog167"]
[Result "1/2-1/2"]
[WhiteElo "2907"]
[BlackElo "2737"]
[TimeControl "180+1"]
[EndTime "11:07:21 PDT"]
[Termination "Game drawn by agreement"]

1. d4 Nf6 2. Nf3 e6 3. e3 b6 4. Bd3 Bb7 5. O-O d5 6. b3 Bd6 7. Bb2 O-O 8. Nbd2 c5 9. Re1 Nc6 10. a3 cxd4 11. exd4 Ne7 12. Ne5 Ng6 13. Ndf3 Nf4 14.
Bf1 Ne4 15. g3 Ng6 16. Bg2 Rc8 17.
c4 Nf6 18. Qe2 dxc4 19. bxc4 Bxe5 20. dxe5 Nd7 21. Rad1 Qe7 22. Rd6 Rc7 23. Red1 Rfc8 24. h4 Ngf8 25. h5 h6 26. R6d4 Ba6 27. Nd2 Nc5 28. Rg4 Rd7 29. Bc3 Bb7 30. Bxb7 Rxb7 31. Nf3 Rd7 32. Rd6 Rcd8 33. Kg2 Kh8 34. Qe3 Nh7 35. Rgd4 Nb7 36. Rxd7 Rxd7 37. Bb4 Qd8 38.
Rxd7 Qxd7 39. Qe4 Kg8 40. Nd2 Ng5 41. Qe3 Qc6+ 42. f3 a5 43. Bc3 Nc5 44. Bd4 Qa4 45. Bxc5 bxc5 46. Qb3 Qd7 47. Qb8+ Kh7 48. Qb1+ Kg8 1/2-1/2

[Event "*** SCC Grand Prix: Titled Tuesday Blitz"]
[Site "Chess.com"]
[Date "2020.07.14"]
[Round "6"]
[White "Vaathi_Coming"]
[Black "ValentinDragnev"]
[Result "1-0"]
[WhiteElo "2922"]
[BlackElo "2705"]
[TimeControl "180+1"]
[EndTime "11:07:21 PDT"]
[Termination "Vaathi_Coming won on time"]

1. f4 b6 2. b3 Bb7 3. Bb2 Nf6 4.
Nf3 g6 5. g4 Bg7 6. Bg2 O-O 7. g5 Nh5 8. Bxg7 Kxg7 9. e3 d6 10.
O-O e6 11. Nc3 Nd7 12. Qe1 Qe7 13. Qh4 f6 14. Ne2 fxg5 15. Qxg5 Rae8 16. Ned4 h6 17.
Qxe7+ Rxe7 18. Nxe6+ Rxe6 19. Nd4 Bxg2 20. Nxe6+ Kf7 21.
Nxf8 Bxf1 22. Nxd7 Ba6 23. a4 Ke7 24. Nb8 Bb7 25. b4 Nf6 26. b5 Ne4 27. d3 Nc3 28.
Kf2 Ke6 29. e4 d5 30. Ra3 Nb1 31. Ra1 Nc3 32. exd5+ Nxd5 33. Nc6 Bxc6 34. bxc6 Nxf4 35.
a5 Kd6 36. axb6 axb6 37. Ke3 Ne6 38. Rf1 1-0

[Event "*** SCC Grand Prix: Titled Tuesday Blitz"]
[Site "Chess.com"]
[Date "2020.07.14"]
[Round "6"]
[White "platy3"]
[Black "djano"]
[Result "1-0"]
[WhiteElo "2772"]
[BlackElo "2473"]
[TimeControl "180+1"]
[EndTime "11:07:21 PDT"]
[Termination "platy3 won on time"]

1. e4 g6 2. d4 Bg7 3. Nc3 a6 4.
h4 h6 5. Be3 b5 6. Qd2 Bb7 7. f3 d6 8. O-O-O Nd7 9. Nh3 Rc8 10.
Kb1 c5 11. dxc5 Nxc5 12. Bd4 Nf6 13. Nd5 Bxd5 14. exd5 O-O 15. g4 e5 16. dxe6 Nxe6 17.
Be3 Re8 18. Bxh6 Bh8 19. h5 Nd7 20. hxg6 fxg6 21. Bg5 Qb6 22. Be3 Ndc5 23. Nf2 Qb7 24. Ne4 Qg7 25. Rxh8+ Qxh8 26. Nxd6 Red8 27. Qd5 Qf6 28. g5 Qe7 29. Bh3 Re8 30. Bxc5 Rxc5 31. Bxe6+ Qxe6 32. Qxc5 Qe2 33. Qd5+ Re6 34. a3 Qxf3 35.
Qxf3 1-0

[Event "*** SCC Grand Prix: Titled Tuesday Blitz"]
[Site "Chess.com"]
[Date "2020.07.14"]
[Round "6"]
[White "theblitzchamp"]
[Black "talman67"]
[Result "1-0"]
[WhiteElo "2648"]
[BlackElo "2477"]
[TimeControl "180+1"]
[EndTime "11:07:21 PDT"]
[Termination "theblitzchamp won on time"]

1. d4 Nf6 2. Bf4 e6 3. e3 c5 4. Nf3 cxd4 5. exd4 b6 6. Nbd2 Be7 7. c3 O-O 8. Bd3 Ba6 9. Bxa6 Nxa6 10. O-O Qc8 11. Re1 Qb7 12. Ne5 d6 13. Nd3 h6 14. Re3 Nc7 15.
Rh3 Rfe8 16. Rg3 Kh7 17. c4 b5 18. b3 bxc4 19. bxc4 Bf8 20. Rc1 Rad8 21. Rh3 e5 22. dxe5 dxe5 23. Nxe5 Ne6 24. Be3 Bc5 25. Qc2+ Kg8 26.
Bxc5 Nxc5 27. Ndf3 Re6 28. Rg3 Rde8 29. Re1 Nfe4 30.
Rg4 Rxe5 31. Nxe5 Rxe5 32. f3 f5 33. Rg6 Nd3 34. Qxd3 Qb6+ 35. Rxb6 1-0

[Event "*** SCC Grand Prix: Titled Tuesday Blitz"]
[Site "Chess.com"]
[Date "2020.07.14"]
[Round "6"]
[White "Herracek"]
[Black "marianokar"]
[Result "0-1"]
[WhiteElo "2558"]
[BlackElo "2431"]
[TimeControl "180+1"]
[EndTime "11:07:21 PDT"]
[Termination "marianokar won by resignation"]

1. c4 Nf6 2. Nc3 e5 3. g3 Bb4 4. Bg2 O-O 5. Nf3 Nc6 6. Nd5 a5 7. O-O Re8 8. e3 e4 9. Nh4 d6 10. a3 Bc5 11. d4 exd3 12. Qxd3 Ne5 13. Qc2 Ng6 14. Nf5 c6 15. Nc3 Ne5 16. b3 g6 17.
Nd4 Bg4 18. h3 Bxd4 19. exd4 Bf5 20. Qd2 Nd3 21. g4 Nxc1 22. Raxc1 Bd7 23. Qf4 Re6 24. d5 cxd5 25. Nxd5 Nxd5 26. Bxd5 Rf6 27. Qg3 Rb8 28. Rcd1 b5 29. Rfe1 bxc4 30. Bxc4 Rb6 31. Rd5 Be6 32. Rxa5 Bxc4 33. bxc4 Rb2 34. Rd5 Rfxf2 35. Qxf2 Rxf2 36. Kxf2 Qf6+ 37. Kg2 Qc3 38. Re4 Qxa3 39. Rd2 Kg7 40. Rf2 Qa8 41. Rf4 f5 42. gxf5 gxf5 43. Kf3 fxe4+ 44.
Rxe4 Kf6 45. Kf4 Qa1 0-1

[Event "*** SCC Grand Prix: Titled Tuesday Blitz"]
[Site "Chess.com"]
[Date "2020.07.14"]
[Round "6"]
[White "isainz"]
[Black "MFBerna"]
[Result "0-1"]
[WhiteElo "2141"]
[BlackElo "2426"]
[TimeControl "180+1"]
[EndTime "11:07:21 PDT"]
[Termination "MFBerna won on time"]

1. e4 c6 2. d4 d5 3. e5 c5 4.
dxc5 e6 5. a3 Bxc5 6. b4 Bb6 7.
Qg4 Ne7 8. Qxg7 Rg8 9. Qxh7 Nbc6 10.
f4 Qc7 11. Ne2 Bd7 12. c4 dxc4 13. Nd2 Nd4 14. Nxd4 Bxd4 15. Ra2 b5 16. Nf3 Bb6 17. a4 bxa4 18. Rc2 Bb5 19. Nd2 Qd7 20. Ne4 O-O-O 21.
Nd6+ Kb8 22. Qxf7 a6 23. Bxc4 Bxc4 24. Rxc4 Rxg2 25. Qh5 Nd5 26. Qf3 Rdg8 27. f5 Rf2 28. Qe4 Rgg2 29. Rc8+ Qxc8 30. Nxc8 Kxc8 31. fxe6 Nc3 32.
Qa8+ Kc7 33. e7 Re2+ 34. Kf1 Ref2+ 35. Ke1 Re2+ 36. Kf1 Rgf2+ 37. Kg1 Rf3+ 0-1

[Event "*** SCC Grand Prix: Titled Tuesday Blitz"]
[Site "Chess.com"]
[Date "2020.07.14"]
[Round "6"]
[White "IMHansNiemann"]
[Black "timator"]
[Result "1-0"]
[WhiteElo "2860"]
[BlackElo "2598"]
[TimeControl "180+1"]
[EndTime "11:07:22 PDT"]
[Termination "IMHansNiemann won by resignation"]

1. d4 Nf6 2. Nc3 d5 3. Nb1 c5 4. c3 Nc6 5. Nf3 e6 6. g3 Be7 7. Bg2 O-O 8. O-O b6 9. Bg5 Bb7 10. Nbd2 h6 11. Bxf6 Bxf6 12. e3 cxd4 13. exd4 b5 14.
a3 a5 15. b4 a4 16. Qe2 Qb6 17. Rfe1 Rfe8 18. Nf1 e5 19. dxe5 Nxe5 20. Nd4 Bc6 21. Ne3 Rad8 22. Rad1 Qb7 23. Nxc6 Nxc6 24. Qc2 Ne7 25.
Nxd5 Nxd5 26. Rxe8+ Rxe8 27. Bxd5 Qc7 28. c4 bxc4 29. Qxc4 Qxc4 30. Bxc4 Bb2 31. Rd7 Rf8 32. Ra7 Bxa3 33. Rxa4 Bb2 34. Ra7 Bd4 35. Rd7 Be5 36. b5 g5 37. b6 Kg7 38. b7 Bb8 39. Kf1 Kg6 40. Ke2 f5 41. Kd3 h5 42. h3 f4 43.
g4 hxg4 44. hxg4 Kf6 45. Kd4 Re8 46. Rf7+ Kg6 47. Rd7 Kf6 48. Kc5 Re5+ 49. Kc6 Re8 50. Rf7+ Kg6 51. Rd7 Kf6 52. Kb6 Ke5 53. f3 Rf8 54.
Rd5+ Kf6 55. Rc5 Ke7 56. Rc8 Rd8 57. Rxb8 Rxb8 58. Ka7 Rxb7+ 59. Kxb7 Kd6 60. Bd3 Ke5 61. Be4 Kd4 62. Kc6 Ke3 63. Kd6 Kf2 64. Ke5 Kg3 65. Kf5 1-0

[Event "*** SCC Grand Prix: Titled Tuesday Blitz"]
[Site "Chess.com"]
[Date "2020.07.14"]
[Round "6"]
[White "Colombiano07"]
[Black "velemajstor767276"]
[Result "0-1"]
[WhiteElo "2319"]
[BlackElo "2524"]
[TimeControl "180+1"]
[EndTime "11:07:22 PDT"]
[Termination "velemajstor767276 won on time"]

1. d4 Nf6 2. Nf3 e6 3. Bf4 b6 4. e3 Bb7 5. Nbd2 d6 6. h3 Nbd7 7. Be2 Qe7 8. O-O h6 9. Bh2 g5 10. a4 a6 11. c4 a5 12. Qc2 Bg7 13. e4 Nh5 14. Rfe1 Nf4 15. Bf1 e5 16. Nb3 O-O 17.
Rac1 c5 18. d5 Rae8 19. Rcd1 Bc8 20. Nc1 Nf6 21. Ne2 N6h5 22. Ng3 g4 23. hxg4 Bxg4 24.
Re3 Nxg3 25. Bxg3 Qf6 26. Bh4 Qg6 27. Rde1 f5 28. Bg3 Nh5 29. Nh4 Qg5 30. Nxf5 Bxf5 31. exf5 Rxf5 32. Bd3 Rf6 33. Be2 Ref8 34. Bxh5 Qxh5 35.
Qe4 Rf5 36. Rb3 Rb8 37. Ree3 Qd1+ 38. Kh2 Rh5+ 39. Bh4 Rf8 40. Rh3 Rf4 0-1

[Event "*** SCC Grand Prix: Titled Tuesday Blitz"]
[Site "Chess.com"]
[Date "2020.07.14"]
[Round "6"]
[White "anpospan"]
[Black "Bacyanide"]
[Result "1/2-1/2"]
[WhiteElo "2318"]
[BlackElo "2453"]
[TimeControl "180+1"]
[EndTime "11:07:23 PDT"]
[Termination "Game drawn by repetition"]

1. d4 d5 2. c4 e6 3. Nc3 c5 4. cxd5 exd5 5. Nf3 Nf6 6. g3 Nc6 7. Bg2 cxd4 8. Nxd4 Bc5 9. Nxc6 bxc6 10. O-O O-O 11. Bg5 h6 12. Bxf6 Qxf6 13. Rc1 Bb6 14. e4 dxe4 15. Nxe4 Qxb2 16. Rc2 Qa3 17. Qh5 Be6 18. Rxc6 Qxa2 19. Nf6+ gxf6 20. Qxh6 Qe2 21. Qxf6 Qg4 22. h3 Qg7 23. Rxe6 fxe6 24. Qxe6+ Kh8 25. Bxa8 Rxa8 26. Kh2 Rf8 27. f4 Bd4 28. Rd1 a5 29. g4 Rxf4 30.
Qe8+ Rf8 31. Qh5+ Qh7 32. Qxh7+ Kxh7 33. Rxd4 Ra8 34. Ra4 Kg6 35. Kg3 Ra6 36. h4 Ra7 37.
Kf4 Ra6 38. h5+ Kh6 39. Kf5 Ra8 40. Kf4 Ra6 41. Kf5 Ra8 42. Ra3 a4 43. g5+ Kg7 44. h6+ Kh7 45. Kf6 Ra6+ 46. Kf7 Ra7+ 47. Kf6 Ra6+ 48. Kf7 Ra7+ 49. Kf6 Ra6+ 1/2-1/2

[Event "*** SCC Grand Prix: Titled Tuesday Blitz"]
[Site "Chess.com"]
[Date "2020.07.14"]
[Round "6"]
[White "Chuchofrio1"]
[Black "XxPetroffsxX"]
[Result "1-0"]
[WhiteElo "2176"]
[BlackElo "1948"]
[TimeControl "180+1"]
[EndTime "11:07:23 PDT"]
[Termination "Chuchofrio1 won on time"]

1. d4 Nf6 2. c4 e6 3. Nc3 Bb4 4. Qc2 O-O 5. Nf3 b6 6. e4 Bxc3+ 7. bxc3 Bb7 8. Bd3 d6 9. Bg5 h6 10. Bh4 e5 11. O-O Nbd7 12. a4 a5 13. h3 Qe8 14.
Nd2 g5 15. Bg3 Nh5 16. Qd1 Nf4 17. Bxf4 gxf4 18. g3 Kh7 19. gxf4 Rg8+ 20. Kh2 f5 21. fxe5 dxe5 22. f4 exd4 23. cxd4 Nf6 24. d5 fxe4 25. Nxe4 Nxe4 26. Qc2 Kh8 27. Bxe4 Qh5 28. Rg1 Qf7 29. Qc3+ Rg7 30. Rg3 Rg8 31. Rag1 Qxf4 32. Qd4 Bc8 33. Kh1 Qf7 34. Rg6 1-0

[Event "*** SCC Grand Prix: Titled Tuesday Blitz"]
[Site "Chess.com"]
[Date "2020.07.14"]
[Round "6"]
[White "Azatic"]
[Black "rasmussvane"]
[Result "0-1"]
[WhiteElo "2640"]
[BlackElo "2894"]
[TimeControl "180+1"]
[EndTime "11:07:24 PDT"]
[Termination "rasmussvane won by resignation"]

1. e4 c6 2. d4 d5 3. e5 Bf5 4. Nf3 e6 5. Be2 Ne7 6. O-O Ng6 7.
b3 f6 8. c4 Be7 9. Nc3 O-O 10.
cxd5 exd5 11. Bd3 Bg4 12. Bxg6 hxg6 13. Qd3 Bxf3 14. gxf3 fxe5 15. dxe5 Nd7 16. f4 g5 17. Qg3 gxf4 18. Bxf4 Nc5 19. Qg4 Qc8 20. Qxc8 Raxc8 21. Bg3 Rf5 22. Rad1 Ne6 23. Ne2 Bc5 24. Kg2 Rcf8 25. f4 Be3 26. Rd3 Bxf4 27. Rdf3 g5 28. h4 Rxe5 29. Nxf4 gxf4 30. Bxf4 Re2+ 31. Kg3 Nxf4 32. Rxf4 Rxf4 33. Kxf4 Rxa2 34. Ke5 Ra5 35. Kd6 Rb5 36. Rf3 Kg7 37. Rg3+ Kh6 38. Rh3 Kh5 39. Kc7 a6 40. Kd6 Rb4 41. Kc7 Rxh4 42. Rg3 Rb4 43. Rg8 Rb5 44.
Rg3 Kh4 45. Rg7 Rxb3 0-1

[Event "*** SCC Grand Prix: Titled Tuesday Blitz"]
[Site "Chess.com"]
[Date "2020.07.14"]
[Round "6"]
[White "kidagent"]
[Black "mortngabriel"]
[Result "0-1"]
[WhiteElo "2222"]
[BlackElo "2370"]
[TimeControl "180+1"]
[EndTime "11:07:24 PDT"]
[Termination "mortngabriel won by resignation"]

1. e4 e5 2. Nf3 Nc6 3. Bb5 a6 4. Ba4 Nf6 5. O-O Be7 6. Re1 b5 7. Bb3 O-O 8. d3 Bb7 9. c3 d5 10. exd5 Nxd5 11. Nxe5 Nxe5 12. Rxe5 c6 13. d4 Bd6 14. Rh5 g6 15. Rh3 c5 16. dxc5 Bxc5 17.
Rd3 Qh4 18. Bxd5 Qxf2+ 19. Kh1 Rad8 20. Nd2 Bxd5 21. Qf1 Qxf1+ 22. Nxf1 Bxg2+ 23. Kxg2 Rxd3 24. Bh6 Rfd8 25. Re1 Bf8 26. Bg5 R8d5 27. h4 h6 28. Bf4 Bd6 29. Bxh6 Re5 30. Rxe5 Bxe5 31. Bg5 f6 32.
Be3 a5 33. Kf3 a4 34. Ke2 Rd7 35. Nd2 a3 36. bxa3 Bxc3 37. Nf3 Kf7 38. Bc5 Be5 39. Ke3 Bd6 40. Bxd6 Rxd6 41. Nd4 Rd5 42. Ke4 Rh5 43. Kd3 Ke7 44. Kc3 Kd6 45. Nf3 Kc5 0-1

[Event "*** SCC Grand Prix: Titled Tuesday Blitz"]
[Site "Chess.com"]
[Date "2020.07.14"]
[Round "6"]
[White "DishonorOnYourCow"]
[Black "brunoo2003"]
[Result "0-1"]
[WhiteElo "2332"]
[BlackElo "2251"]
[TimeControl "180+1"]
[EndTime "11:07:24 PDT"]
[Termination "brunoo2003 won on time"]

1. d4 Nf6 2. c4 g6 3. Nc3 Bg7 4.
e4 O-O 5. f4 c5 6. d5 d6 7. Nf3 e6 8. dxe6 fxe6 9. Bd3 Nc6 10.
O-O e5 11. fxe5 dxe5 12. Bg5 h6 13. Bh4 g5 14. Bf2 b6 15. Nd5 Kh8 16. Bg3 Bg4 17. Qd2 Bxf3 18. Rxf3 Nd4 19. Rff1 Nh5 20. Bf2 Qd6 21. Qe3 Kh7 22. Be2 Nf4 23. Bg4 h5 24. Bf5+ Nxf5 25. exf5 Nxd5 26. cxd5 Rxf5 27. Qe4 Qg6 28. d6 Raf8 29. Rad1 Rd8 30. d7 Rf7 31. Qb7 Qe6 32. Qxa7 Rfxd7 33. Rxd7 Rxd7 34. Qa8 e4 35. Re1 Kg6 36. h4 Bxb2 37. hxg5 Kxg5 38. Qb8 Be5 39. Qf8 Bd4 40. Rf1 e3 41. Bh4+ Kxh4 42. Qf4+ Qg4 43. Qh2+ Kg5 0-1

[Event "*** SCC Grand Prix: Titled Tuesday Blitz"]
[Site "Chess.com"]
[Date "2020.07.14"]
[Round "6"]
[White "earling8018"]
[Black "BabyBoss31"]
[Result "0-1"]
[WhiteElo "2056"]
[BlackElo "2207"]
[TimeControl "180+1"]
[EndTime "11:07:26 PDT"]
[Termination "BabyBoss31 won by resignation"]

1. d4 d5 2. c4 Nc6 3. Nf3 Bg4 4. e3 e5 5. dxe5 dxc4 6. Qxd8+ Rxd8 7. Bxc4 Nxe5 8. Be2 Nd3+ 9. Bxd3 Rxd3 10. Ke2 Rd8 11. Nc3 Nf6 12. Bd2 Bb4 13. Rhd1 Be6 14. Nd4 Bc4+ 15.
Ke1 O-O 16. b3 Bd3 17. Ncb5 Bxd2+ 18. Rxd2 Bxb5 19. Nxb5 c6 20. Nd6 Rd7 21. Rad1 Nd5 22.
Nc4 Re7 23. Na5 f5 24. Kf1 f4 25. exf4 Rxf4 26. Rd4 Ne3+ 27. Kg1 Nxd1 28. Rxd1 Re2 29. Rf1 Rf7 30. a4 Rc2 31. g3 b6 32. Nc4 Rc3 33. Ne5 Rf5 34. f4 c5 35. Rd1 Rxb3 36. Rd7 a6 37. Nc6 Rf8 38. Ne7+ Kh8 39.
Nd5 b5 40. Rc7 c4 41. axb5 axb5 42. Kf2 Rd3 43. Ke2 Rxd5 0-1

[Event "*** SCC Grand Prix: Titled Tuesday Blitz"]
[Site "Chess.com"]
[Date "2020.07.14"]
[Round "6"]
[White "eightbyeightchess"]
[Black "Monmoransy"]
[Result "0-1"]
[WhiteElo "2402"]
[BlackElo "2624"]
[TimeControl "180+1"]
[EndTime "11:07:27 PDT"]
[Termination "Monmoransy won by resignation"]

1. e4 c5 2. Nf3 Nc6 3. d4 cxd4 4.
Nxd4 Nf6 5. Nc3 g6 6. Be3 Bg7 7.
Be2 O-O 8. f4 d6 9. Nb3 e5 10.
O-O exf4 11. Bxf4 Re8 12. Qxd6 Qxd6 13. Bxd6 Nxe4 14. Nxe4 Rxe4 15. Bf3 Re8 16. c3 Ne5 17. Bxe5 Rxe5 18. Rad1 Be6 19. Bxb7 Rb8 20. Ba6 h5 21. Rfe1 Bxb3 22. axb3 Rxb3 23. Rxe5 Bxe5 24. Rd2 Kg7 25. g3 g5 26. Kg2 g4 27. Kf2 Bc7 28. Ke3 Rb6 29. Bc4 Rf6 30. Ke4 Kg6 31. Rd7 Bb6 32.
Rd2 Rf3 33. Ba2 f5+ 34. Kd5 f4 35. gxf4 Rxf4 36. Ke5 Rf5+ 37. Ke6 Rf6+ 38. Ke7 h4 39. Bb1+ Kg7 40. Rg2 Rf4 41. Ke6 Kh6 42. Ke5 Kg5 43.
Rd2 g3 44. hxg3 hxg3 45. Rd7 Kg4 46. Rg7+ Kf3 47. Bc2 Rf8 48. Bd1+ Kf2 49. c4 g2 50.
Kd6 g1=Q 51. Rxg1 Kxg1 52. c5 Rd8+ 53. Kc6 Bxc5 54. Kxc5 0-1

[Event "*** SCC Grand Prix: Titled Tuesday Blitz"]
[Site "Chess.com"]
[Date "2020.07.14"]
[Round "6"]
[White "Josip_buje"]
[Black "Zhani-Z"]
[Result "1-0"]
[WhiteElo "2297"]
[BlackElo "2409"]
[TimeControl "180+1"]
[EndTime "11:07:27 PDT"]
[Termination "Josip_buje won by checkmate"]

1. d4 Nf6 2. Nf3 d5 3. c4 e6 4. Nc3 Bb4 5. Bg5 h6 6. Bxf6 Qxf6 7. e3 Nc6 8. Bd3 dxc4 9. Bxc4 Bd7 10. O-O O-O 11.
Ne4 Qe7 12. a3 Bd6 13. Rc1 Rac8 14. b4 Rfd8 15. Bd3 e5 16. Nxd6 cxd6 17. d5 Nb8 18. e4 Bg4 19. Be2 Nd7 20. Qa4 a6 21. h3 Bh5 22.
Qb3 Nf6 23. Qe3 Qd7 24. Nh4 Bg6 25. Nxg6 fxg6 26. Bf3 Qa4 27. h4 Qd7 28. Qb6 Kh7 29. g3 g5 30. hxg5 hxg5 31. Qe3 Kg6 32. Kg2 Rh8 33.
Rh1 Rxh1 34. Rxh1 Rc2 35. Qd3 Qc7 36. Qd1 Kf7 37. Bh5+ Ke7 38. Qf3 Qc4 39. Re1 Rc3 40. Qf5 Rc2 41. Qe6+ Kf8 42. Qf7# 1-0

[Event "*** SCC Grand Prix: Titled Tuesday Blitz"]
[Site "Chess.com"]
[Date "2020.07.14"]
[Round "6"]
[White "Chessalary"]
[Black "artichaud"]
[Result "0-1"]
[WhiteElo "2190"]
[BlackElo "2069"]
[TimeControl "180+1"]
[EndTime "11:07:27 PDT"]
[Termination "artichaud won by resignation"]

1. e4 d6 2. d4 Nf6 3. Nc3 c6 4. f3 Nbd7 5. Be3 e5 6. Qd2 b5 7. O-O-O b4 8. Nce2 Qa5 9. Kb1 Be7 10. dxe5 dxe5 11.
g4 Nb6 12. Nc1 Be6 13. Nb3 Qa4 14. g5 Nfd7 15. Bh3 Bxh3 16. Nxh3 O-O 17. Qe2 a5 18. f4 Qb5 19. Qxb5 cxb5 20. f5 a4 21. Nc1 Rfd8 22. Rhg1 Nc4 23. Bf2 Nc5 24. f6 Bf8 25. fxg7 Kxg7 26.
Bh4 Nxe4 27. Rxd8 Rxd8 28. g6 Ned2+ 29. Ka1 Ne3 30. gxh7+ Kxh7 31. Ng5+ Kh6 32. Nxf7+ Kh5 33. b3 a3 34. Rg5+ Kxh4 35. Rg4+ Kxg4 36. Nxe5+ Kh3 0-1

[Event "*** SCC Grand Prix: Titled Tuesday Blitz"]
[Site "Chess.com"]
[Date "2020.07.14"]
[Round "6"]
[White "QueenOfTactics90"]
[Black "grandcoach"]
[Result "1-0"]
[WhiteElo "2006"]
[BlackElo "2098"]
[TimeControl "180+1"]
[EndTime "11:07:27 PDT"]
[Termination "QueenOfTactics90 won on time"]

1. e4 c5 2. Nf3 Nc6 3. d4 cxd4 4. Nxd4 e5 5. Nb5 d6 6. c4 Be7 7. Be3 f5 8. exf5 Bxf5 9. N1c3 a6 10. Na3 Nf6 11. Be2 O-O 12. Nd5 Rc8 13. Nxe7+ Qxe7 14. O-O Kh8 15. b4 Ne4 16. b5 Nc3 17. Qd2 Nxe2+ 18.
Qxe2 Na5 19. Bb6 d5 20. c5 Nc4 21. Nxc4 dxc4 22. Qxc4 Qd7 23. bxa6 Bd3 24. Rfd1 Bxc4 25. Rxd7 Bxa6 26. Re1 Rce8 27. Re4 Bb5 28. Rc7 Bc6 29. Re3 Ra8 30. a3 h6 31. h3 Rf6 32. Re7 Rg6 33.
g3 e4 34. g4 h5 35. Rg3 hxg4 36.
hxg4 Rf8 37. Bc7 Rf3 38. Kg2 e3 39. Rxf3 Rxg4+ 40. Kh3 Bxf3 41. Rxe3 Bd1 42. f3 Ra4 43. Kg3 1-0

[Event "*** SCC Grand Prix: Titled Tuesday Blitz"]
[Site "Chess.com"]
[Date "2020.07.14"]
[Round "6"]
[White "sertalzin"]
[Black "Shushik"]
[Result "0-1"]
[WhiteElo "1940"]
[BlackElo "2212"]
[TimeControl "180+1"]
[EndTime "11:07:28 PDT"]
[Termination "Shushik won on time"]

1. d4 d5 2. c4 e6 3. Nf3 Nf6 4. g3 dxc4 5. Bg2 Nc6 6. O-O Rb8 7. e3 b5 8. a4 a6 9. Nfd2 Bb7 10. b3 cxb3 11. axb5 axb5 12. Qxb3 b4 13. Nc4 Be7 14.
Bb2 O-O 15. Nbd2 Nd7 16. Rfc1 Nf6 17. Qc2 Qd7 18. Nb3 Rfd8 19. f3 Qe8 20. Nca5 Nxa5 21.
Nxa5 Ba8 22. Nc6 Bxc6 23. Qxc6 Rbc8 24. e4 Rd6 25. Qxe8+ Nxe8 26. Ra7 Bd8 27. f4 Rb6 28. d5 exd5 29. exd5 Bf6 30. Bxf6 Rxf6 31. Rb1 Rb6 32. Ra4 Rcb8 33. Rb3 Nd6 34. h4 Nc4 35. Ra7 R6b7 36. Rxb7 Rxb7 37. d6 Rb6 38. dxc7 Nd6 0-1